 Dungeon Crawl Stone Soup version 0.29-a0-72-g1732ff48e7 (webtiles) character file.

Game seed: 17524589258539223414

17892 fragbeetle the Cleaver (level 12, -22/97 HPs)
             Began as a Hill Orc Cinder Acolyte on Feb 4, 2022.
             Was a Priest of Ignis.
             Hit by a large rock thrown by a cyclops (28 damage)
             ... on level 11 of the Dungeon.
             The game lasted 00:53:02 (17225 turns).

fragbeetle the Cleaver (Hill Orc Cinder Acolyte)   Turns: 17225, Time: 00:53:03

Health: -22/97     AC: 14    Str: 20    XL:     12   Next: 52%
Magic:  16/16      EV: 25    Int: 22    God:    Ignis [***...]
Gold:   362        SH:  5    Dex: 15    Spells: 7/17 levels left

rFire   + . .      SeeInvis +   t - +6 hand axe of the Unspeakable One {vamp, rPois SInv}
rCold   . . .      Faith    .   m - +0 buckler
rNeg    . . .      Spirit   .   J - +0 acid dragon scales
rPois   +          Reflect  .   i - +0 helmet
rElec   .          Harm     .   U - +2 cloak
rCorr   +          Rampage  .   F - +0 pair of gloves {Dex+3}
Will    .....                   (no boots)
Stlth   +.........              P - amulet of the acrobat
HPRegen 0.26/turn               o - +6 ring of dexterity
MPRegen 0.15/turn               M - +6 ring of intelligence

@: mighty, acrobatic
A: no striking features
a: Renounce Religion, Fiery Armour, Foxfire Swarm, Rising Flame


You were on level 11 of the Dungeon.
You worshipped Ignis.
Ignis was most pleased with you.
You visited 3 branches of the dungeon, and saw 14 of its levels.

You collected 679 gold pieces.
You spent 317 gold pieces at shops.

Inventory:

Hand Weapons
 j - a +4 battleaxe of protection
 t - the +6 hand axe of the Unspeakable One (weapon) {vamp, rPois SInv}
   (You bought it in a shop on level 1 of the Dungeon)

   It occasionally heals its wielder for a portion of the damage dealt when it
   wounds a living foe.
   rPois:     It protects you from poison.
   SInv:      It lets you see invisible.
 D - a +0 hunting sling
 K - a +0 hand axe of flaming
Missiles
 p - 6 boomerangs
 y - 9 poisoned darts
 H - 65 sling bullets
 O - a throwing net
Armour
 i - a +0 helmet (worn)
 m - a +0 buckler (worn)
 E - +0 swamp dragon scales
 F - a +0 pair of gloves of dexterity (worn)
 J - +0 acid dragon scales (worn)
 U - a +2 cloak (worn)
Magical Staves
 v - a staff of conjuration
Jewellery
 o - a +6 ring of dexterity (left hand)
 w - a ring of magical power
 x - the ring "Unief" {Fly rElec}
   (You acquired it on level 12 of the Dungeon)

   [ring of flight]

   rElec:     It insulates you from electricity.
   Fly:       It grants you flight.
 C - a ring of willpower
 M - a +6 ring of intelligence (right hand)
 N - an amulet of faith
 P - an amulet of the acrobat (around neck)
 Q - a ring of positive energy
 W - an amulet of regeneration
Wands
 b - a wand of polymorph (15)
 q - a wand of flame (29)
 G - a wand of digging (13)
Scrolls
 c - 6 scrolls of magic mapping
 d - a scroll of fear
 e - 2 scrolls of amnesia
 r - a scroll of immolation
 s - 3 scrolls of silence
 u - 4 scrolls of enchant weapon
 B - a scroll of fog
 X - a scroll of identify
Potions
 f - a potion of might
 g - a potion of lignification
 h - 2 potions of flight
 l - 2 potions of brilliance
 n - a potion of resistance {unknown}
 z - a potion of haste {unknown}
 I - a potion of berserk rage {unknown}
 R - 2 potions of attraction
 T - a potion of mutation {unknown}
Miscellaneous
 L - a tin of tremorstones (2/2)


   Skills:
 - Level 6.3 Fighting
 * Level 13.0 Axes
 * Level 9.5 Armour
 - Level 5.0 Shields
 - Level 3.0 Spellcasting
 * Level 6.3 Conjurations
 * Level 4.7 Transmutations
 - Level 8.4 Fire Magic
 * Level 6.4 Air Magic


You had 7 spell levels left.
You knew the following spells:

 Your Spells              Type           Power      Damage    Failure   Level
a - Scorch                Fire           80%        2d9       1%          2
b - Swiftness             Air            31%        N/A       4%          3
c - Irradiate             Conj/Tmut      13%        3d17      50%         5

Your spell library contained the following spells:

 Spells                   Type           Power      Damage    Failure   Level
 Magic Dart               Conj           100%       1d8       1%          1
 Shock                    Conj/Air       100%       1d9       1%          1
 Beastly Appendage        Tmut           48%        N/A       2%          1
 Wereblood                Tmut           24%        N/A       4%          2
 Airstrike                Air            15%        N/A       14%         4
 Summon Small Mammal      Summ           12%        N/A       21%         1
 Spider Form              Tmut/Pois      13%        N/A       22%         3
 Call Canine Familiar     Summ           3%         N/A       52%         3
 Portal Projectile        Hex/Tloc       6%         N/A       52%         3
 Summon Guardian Golem    Hex/Summ       3%         N/A       52%         3
 Freezing Cloud           Conj/Ice/Air   11%        6-21      67%         5
 Silence                  Hex/Air        8%         N/A       83%         5
 Leda's Liquefaction      Hex/Erth       1%         N/A       89%         4
 Passage of Golubria      Tloc           3%         N/A       89%         4
 Lehudib's Crystal Spear  Conj/Erth      8%         10d4      100%        8


Dungeon Overview and Level Annotations

Branches:
Dungeon (12/15)            Temple (1/1) D:7            Lair (1/6) D:8
    Orc (0/2) D:11

Altars:
Ashenzari
Cheibriados
Dithmenos
Elyvilon
Fedhas
Gozag
Hepliaklqana
Kikubaaqudgha
Makhleb
Nemelex Xobeh
Okawaru
Qazlal
Ru
Sif Muna
Trog
Uskayaw
Vehumet
Wu Jian
Xom
Yredelemnul
Zin
The Shining One

Shops:
D:1 (   D:6 ?[=[(   D:9 [

Annotations:
D:7 Harold


Message History

* * * LOW HITPOINT WARNING * * *
The meliai stings you but does no damage.
The meliai closely misses you.
The meliai stings you but does no damage.
You slash the meliai!
You kill the meliai!
You slash the basilisk! The basilisk closely misses you.
The manticore flicks its tail.
The volley of spikes hits you but does no damage.
You feel better. The basilisk gazes at you. You resist with some effort.
You closely miss the basilisk.
The basilisk is heavily wounded.
You slash the manticore!
You feel better. The basilisk closely misses you.
Unknown command.
You slash the basilisk!
You feel better.
The basilisk is severely wounded.
You hit the manticore.
You feel better. The manticore bites you!
* * * LOW HITPOINT WARNING * * *
You block the manticore's attack.
The manticore claws you but does no damage.
Unknown command.
You slash the basilisk!
You kill the basilisk!
You slash the manticore! The manticore bites you!
* * * LOW HITPOINT WARNING * * *
The manticore claws you!
* * * LOW HITPOINT WARNING * * *
The manticore claws you.
* * * LOW HITPOINT WARNING * * *
Okay, then.
You slash the manticore!
You kill the manticore!
Your Axes skill increases to level 13!
Unknown command.
The cyclops throws a large rock.
The large rock misses you.
The cyclops throws a large rock.
The large rock completely misses you.
The cyclops throws a large rock.
The large rock hits you!!
You die...

##..............##
.#..##..........#
.#..............#
..#.##..........#
#.≈≈≈≈≈≈........#
#.≈≈≈≈≈≈≈.......#
##≈≈≈≈≈≈≈≈......#
##≈≈≈≈≈≈≈≈......########
≈≈≈≈≈≈≈≈≈≈......@......#
≈≈≈>≈≈≈≈≈≈≈≈##########C##
≈≈≈≈≈≈≈≈≈≈≈≈≈# #)†#
≈≈≈≈≈≈≈≈≈≈≈### ##.##
≈≈≈≈≈≈≈≈≈≈≈# #..#
##≈≈≈≈≈≈≈### ##.#
##≈≈≈≈### #.# ####≈# #.##
### #..#


You could see a cyclops.

Vanquished Creatures
  2 hydras
  A two-headed ogre (D:10)
  A cyclops (D:11)
  2 manticores (D:11)
  Joseph (Lair:1)
  A black mamba (Lair:1)
  Maurice (D:11)
  Maggie (D:8)
  An unseen horror (D:12)
  5 cane toads (Lair:1)
  3 komodo dragons
  A polar bear (Lair:1)
  A meliai (D:11)
  A troll (D:11)
  A hornet (D:6)
  4 slime creatures (D:12)
  A shadow (D:11)
  3 wraiths
  A vampire (D:10)
  19 yaks
  Grum (D:10)
  6 vampire mosquitoes
  2 basilisks
  2 acid dragons
  4 water moccasins
  A black bear (D:5)
  A necrophage (D:6)
  An ice beast (D:8)
  A sky beast (D:6)
  2 wolves (D:10)
  4 ogres
  A phantom (D:5)
  4 centaurs
  4 bullfrogs
  2 gnoll sergeants
  3 scorpions
  A wyvern zombie (D:7)
  A water moccasin zombie (D:5)
  A water moccasin skeleton (D:6)
  6 killer bees
  15 wights
  3 electric eels
  A howler monkey (D:5)
  5 centaur zombies
  3 hounds
  5 orc priests
  A jelly (D:4)
  2 bullfrog skeletons
  3 centaur skeletons
  2 iguanas
  4 orc wizards
  A killer bee zombie (D:8)
  A hound zombie (D:5)
  A mummy (D:4)
  7 gnolls
  8 adders
  2 white imps
  An adder zombie (D:5)
  5 dart slugs
  19 orcs
  4 endoplasms
  4 giant cockroaches
  5 goblins
  10 hobgoblins
  3 quokkas
  4 ball pythons
  5 bats
  5 frilled lizards
  2 hobgoblin zombies (D:4)
  8 kobolds
  A kobold zombie (D:4)
  An orc zombie (D:4)
  5 rats
245 creatures vanquished.

Vanquished Creatures (others)
  21 foxfires (D:7)
  6 fungi (Lair:1)
  5 plants (Lair:1)
32 creatures vanquished.

Grand Total: 277 creatures vanquished

Notes
Turn   | Place    | Note
-------+----------+-------------------------------------------
     0 | D:1      | fragbeetle the Hill Orc Cinder Acolyte began the quest for
                  | the Orb.
     0 | D:1      | Reached XP level 1. HP: 19/19 MP: 2/2
   253 | D:1      | Reached XP level 2. HP: 20/27 MP: 3/3
   259 | D:1      | Learned a level 2 spell: Scorch
   690 | D:1      | Found Ziofuthege's Antique Weapon Shop.
   884 | D:1      | Reached XP level 3. HP: 33/33 MP: 4/4
  1631 | D:2      | Reached skill level 5 in Axes
  1631 | D:2      | Reached XP level 4. HP: 40/40 MP: 1/6
  2554 | D:3      | Found a faded altar of an unknown god.
  2810 | D:3      | Reached XP level 5. HP: 46/46 MP: 2/7
  3040 | D:1      | Bought a polished hand axe for 136 gold pieces
  3040 | D:1      | Identified the +6 hand axe of the Unspeakable One {vamp,
                  | rPois SInv} (You bought it in a shop on level 1 of the
                  | Dungeon)
  3207 | D:4      | Reached XP level 6. HP: 17/53 MP: 6/9
  3511 | D:4      | Reached skill level 6 in Axes
  3747 | D:4      | Reached skill level 5 in Fire Magic
  4043 | D:5      | Entered Level 5 of the Dungeon
  4131 | D:5      | Reached XP level 7. HP: 54/60 MP: 1/11
  4182 | D:5      | Reached skill level 5 in Fighting
  4356 | D:5      | Reached skill level 1 in Armour
  4356 | D:5      | Reached skill level 1 in Shields
  4663 | D:5      | Reached skill level 7 in Axes
  4809 | D:5      | Found a hide-covered altar of Uskayaw.
  4918 | D:5      | Reached XP level 8. HP: 68/68 MP: 0/12
  5254 | D:5      | Learned a level 3 spell: Swiftness
  5413 | D:5      | Found an iron altar of Okawaru.
  5731 | D:6      | Found Cuqal's Weapon Boutique.
  5810 | D:6      | Found Qeunlel's Antique Armour Boutique.
  5813 | D:6      | Bought a pair of embroidered gloves for 157 gold pieces
  5844 | D:6      | Found Idemud's Magic Scroll Shop.
  5865 | D:6      | Bought a scroll of identify for 24 gold pieces
  5887 | D:6      | Reached skill level 8 in Axes
  5941 | D:6      | Found Nexkej's Jewellery Shop.
  6194 | D:6      | Found Worotics's Armour Boutique.
  6339 | D:7      | Found a glowing silver altar of Zin.
  6383 | D:7      | Noticed a hornet
  6428 | D:7      | Reached XP level 9. HP: 74/75 MP: 13/13
  6433 | D:7      | Found a staircase to the Ecumenical Temple.
  6455 | Temple   | Entered the Ecumenical Temple
  6894 | D:7      | Found a basalt altar of Yredelemnul.
  7100 | D:7      | Reached skill level 1 in Air Magic
  7248 | D:7      | Noticed Harold
  7327 | D:6      | Killed a hornet
  8346 | D:8      | Noticed Maggie
  8379 | D:8      | Killed Maggie
  8380 | D:8      | Reached skill level 9 in Axes
  8380 | D:8      | Reached skill level 5 in Armour
  8380 | D:8      | Reached skill level 5 in Shields
  8992 | D:8      | Found a staircase to the Lair.
  9831 | D:9      | Reached XP level 10. HP: 82/84 MP: 14/14
  9879 | D:9      | Reached skill level 10 in Axes
 10132 | D:9      | Found Lyerac's Antique Armour Boutique.
 10138 | D:9      | Got Guidy's Incunabulum of Conjuration
 10149 | D:9      | Learned a level 5 spell: Irradiate
 10741 | D:9      | Reached skill level 1 in Conjurations
 10874 | D:10     | Entered Level 10 of the Dungeon
 10911 | D:10     | Reached skill level 1 in Transmutations
 11148 | D:10     | Noticed a two-headed ogre
 11250 | Lair:1   | Entered Level 1 of the Lair of Beasts
 11619 | Lair:1   | Noticed a cane toad
 11643 | Lair:1   | Killed a cane toad
 11852 | Lair:1   | Noticed a black mamba
 12016 | Lair:1   | Noticed a seven-headed hydra
 12071 | Lair:1   | Noticed Joseph
 12104 | Lair:1   | Killed Joseph
 12105 | Lair:1   | Reached skill level 11 in Axes
 12105 | Lair:1   | Reached XP level 11. HP: 81/90 MP: 14/15
 12173 | Lair:1   | Killed a two-headed hydra
 13020 | Lair:1   | Reached skill level 5 in Air Magic
 13963 | D:10     | You fall into a shaft and drop 2 floors!
 13963 | D:12     | Noticed a boulder beetle
 14005 | D:12     | Identified a scroll of acquirement
 14006 | D:12     | Acquired the ring "Unief" {Fly rElec}
 14297 | D:12     | Reached skill level 12 in Axes
 14366 | D:11     | Reached skill level 5 in Conjurations
 14387 | D:11     | Noticed a +0 dagger
 14388 | D:11     | Found a hide-covered altar of Uskayaw.
 14388 | D:11     | Noticed a +0 dagger
 14417 | D:11     | Noticed a cyclops
 14789 | D:12     | Reached XP level 12. HP: 84/97 MP: 13/16
 14968 | D:11     | Noticed a four-headed hydra
 14989 | D:11     | Killed a one-headed hydra
 15288 | D:10     | Killed a two-headed ogre
 15694 | D:10     | Noticed Grum
 15710 | D:10     | Killed Grum
 16596 | D:11     | Found a staircase to the Orcish Mines.
 16874 | D:11     | Noticed Maurice
 16885 | D:11     | Killed Maurice
 17212 | D:11     | HP: 3/97 [meliai (11)]
 17212 | D:11     | HP: 1/97 [meliai (2)]
 17218 | D:11     | HP: 4/97 [manticore (1)]
 17220 | D:11     | Reached skill level 13 in Axes
 17225 | D:11     | Hit by a large rock thrown by a cyclops

Illustrated notes

Levels and vault maps discovered:
D:1:      nzn_arrival_crosshair, layout_loops_ring, serial_shops,
          nicolae_shop_temple_entry_statues_fountains
D:2:      layout_loops_ring
D:3:      layout_basic, ebering_ecumenical_altar_mist
D:4:      layout_rooms, minmay_mini_ossuary
D:5:      layout_basic, mainiacjoe_overflow_24_doors, kennysheep_mini
D:6:      layout_basic, serial_shops, nicolae_shop_trees, nicolae_stop_n_shop_1,
          kennysheep_mini_moat, kennysheep_little_box, shop_statue
D:7:      layout_gridville, nicolae_overflow_crystal_walls,
          mainiacjoe_overflow_alcove_4, minmay_temple_entry_wispy, uniq_harold
D:8:      layout_rooms, lair_entry_dummy, uniq_maggie
D:9:      layout_roguey, serial_shops, nicolae_shop_hallway_stairs,
          amcnicky_mini_pool_medium
D:10:     layout_basic, uniq_grum
D:11:     minmay_shrinking_squares, layout_basic, orc_0_dummy,
          dancing_weapons_uskayaw, uniq_maurice
D:12:     layout_basic
Temple:   compressed_dpeg_circular_temple
Lair:1:   layout_cave_pods, patterned_corridor, uniq_joseph

Skill      XL: |  1  2  3  4  5  6  7  8  9 10 11 12 |
---------------+-------------------------------------+-----
Fighting       | 4 5 6 |  6.3
Fire Magic     | 4 5 6 8 |  8.4
Axes           | 5 6 7 8 9 11 12 13 | 13.0
Spellcasting   | 2 3 |  3.0
Armour         | 2 3 5 7 8 9 |  9.5
Shields        | 2 3 5 |  5.0
Air Magic      | 2 4 5 6 |  6.4
Conjurations   | 3 5 6 |  6.3
Transmutations | 2 4 |  4.7

Action                   |  1- 3 |  4- 6 |  7- 9 | 10-12 || total
-------------------------+-------+-------+-------+-------++-------
Melee: Hand axe          |   105 |    89 |   222 |   490 ||   906
Throw: Boomerang         |       |     7 |     5 |     2 ||    14
       Dart              |       |       |    12 |    10 ||    22
       Throwing net      |       |       |       |     1 ||     1
 Cast: Scorch            |     4 |    27 |   105 |   140 ||   276
Invok: Fiery Armour      |       |       |     4 |       ||     4
       Foxfire Swarm     |       |       |     1 |       ||     1
Evoke: Wand              |       |       |     4 |       ||     4
  Use: Scroll            |       |       |    12 |    15 ||    27
       Potion            |       |       |     4 |     9 ||    13
 Stab: Sleeping          |       |     1 |       |       ||     1
Armor: Leather armour    |    33 |    22 |    13 |       ||    68
       Swamp dragon scal |       |       |   113 |    60 ||   173
       Acid dragon scale |       |       |       |   130 ||   130
Dodge: Dodged            |    73 |    49 |   138 |   209 ||   469
Block: Buckler           |       |     9 |    81 |   113 ||   203

Table legend: (Time is in decaauts)
 A = Elapsed time spent in this place.
 B = Non-inter-level travel time spent in this place.
 C = Inter-level travel time spent in this place.
 D = Time resting spent in this place.
 E = Time spent auto-exploring this place.
 F = Levels seen in this place.
 G = Mean time per level.
                   A        B        C        D        E       F      G
               +--------+--------+--------+--------+--------+-----+--------+
         Total |  17169 |  16327 |    842 |   3950 |   8361 |  14 | 1226.4 |
       Dungeon |  14251 |  13456 |    795 |   2762 |   7330 |  12 | 1187.6 |
        Temple |    246 |    246 |      0 |    100 |     76 |   1 |  246.0 |
          Lair |   2670 |   2623 |     47 |   1088 |    955 |   1 | 2670.0 |
               +--------+--------+--------+--------+--------+-----+--------+

Top non-repeatable levels by time:
  Lair:1: 2670 daAuts
     D:5: 1647 daAuts
     D:7: 1616 daAuts
    D:10: 1382 daAuts
     D:8: 1214 daAuts
     D:6: 1196 daAuts
     D:1: 1193 daAuts
     D:9: 1102 daAuts
    D:11: 1051 daAuts
     D:3: 1043 daAuts
     D:4: 1012 daAuts
     D:2: 917 daAuts
    D:12: 873 daAuts
  Temple: 246 daAuts
